 Dungeon Crawl Stone Soup version 0.17-a0-1718-g72dbe4d (webtiles) character file.

95 matakusis the Ducker (level 4, -3/34 HPs)
             Began as a Demonspawn Gladiator on Aug 26, 2015.
             Slain by an orc
             ... wielding a +1 falchion of electrocution
              (19 damage)
             ... on level 3 of the Dungeon.
             The game lasted 00:07:03 (1628 turns).

matakusis the Ducker (Demonspawn Gladiator)         Turns: 1628, Time: 00:07:04

Health: -3/34      AC:  8    Str: 16    XL:     4   Next: 40%
Magic:  4/4        EV: 13    Int:  9    God:
Gold:   178        SH:  0    Dex: 14    Spells: 0 memorised, 3 levels left

rFire  + . .     SeeInvis .     a - +0 war axe
rCold  . . .     Clarity  .     b - +0 leather armour
rNeg   . . .     SustAt   .     (no shield)
rPois  .         Gourm    .     c - +0 helmet
rElec  .         Spirit   .     (no cloak)
rCorr  .         Warding  .     (no gloves)
rMut   .         Stasis   .     (no boots)
MR     +....                    (no amulet)
Stlth  +.........               q - ring of protection from magic
                                m - ring of protection from fire

@: somewhat resistant to hostile enchantments, very unstealthy
A: slimy green scales 1, screaming 1, shaggy fur 2
a: no special abilities


You were on level 3 of the Dungeon.
You were hungry.

You visited 1 branch of the dungeon, and saw 3 of its levels.

You collected 178 gold pieces.

Inventory:

Hand weapons
 a - a +0 war axe (weapon)
Missiles
 d - 3 throwing nets (quivered)
Armour
 b - a +0 leather armour (worn)
 c - a +0 helmet (worn)
Jewellery
 m - a ring of protection from fire (left hand)
 q - a ring of protection from magic (right hand)
Scrolls
 p - a scroll of fog
Potions
 i - a potion of lignification
 k - a potion of curing
 r - a potion of might {unknown}
Comestibles
 e - a bread ration
 f - a slice of pizza
 l - a meat ration
 o - a beef jerky


   Skills:
 + Level 2.6 Fighting
 + Level 3.0 Axes
 - Level 1.7 Throwing
 + Level 1.1 Armour
 * Level 3.9 Dodging


You had 3 spell levels left.
You didn't know any spells.

Dungeon Overview and Level Annotations

Branches:
Dungeon (3/15)

Altars:
Kikubaaqudgha


Innate Abilities, Weirdness & Mutations

You are partially covered in slimy green scales (AC +2).
You occasionally shout uncontrollably at your foes.
You are covered in thick fur (AC +2).


Message History

The gnoll is severely wounded.
The gnoll hits you with a club.
You hit the gnoll but do no damage.
The gnoll is severely wounded.
The gnoll hits you with a club.
You hit the gnoll but do no damage.
The gnoll is severely wounded.
The gnoll hits you but does no damage.
You hit the gnoll but do no damage.
The gnoll is severely wounded.
The gnoll hits you with a club.
You hit the gnoll.
You kill the gnoll!
The orc hits you but does no damage.
You closely miss the orc. The orc hits you but does no damage.
You barely miss the orc.
You are feeling hungry.
The orc hits you but does no damage.
You are electrocuted!
Ouch! That really hurt!
You die...

####### #.....#
#......
#.....########.#
+..(....go@...(#
#....$.#########
#..........####
#.....#...[...#
#.%...#.o...<.#
#.....#.......#
#.....#o......#
#....g.og.....#
#####..†......#


You could see a gnoll and an orc.

Vanquished Creatures
  2 gnolls (D:3)
  2 adders (D:2)
  An ooze (D:1)
  2 worms (D:2)
  A giant gecko (D:1)
  An orc (D:3)
  A ball python (D:3)
  A giant cockroach (D:1)
  2 goblins (D:1)
  9 hobgoblins
  4 jackals (D:1)
  6 kobolds
  5 bats
  A giant newt (D:1)
  7 rats
45 creatures vanquished.

Notes
Turn   | Place    | Note
--------------------------------------------------------------
     0 | D:1      | matakusis the Demonspawn Gladiator began the quest for the Orb.
     0 | D:1      | Reached XP level 1. HP: 16/16 MP: 1/1
   282 | D:1      | Reached skill level 3 in Dodging
   309 | D:1      | Gained mutation: You are partially covered in slimy green scales (AC +2). [demonic ancestry]
   309 | D:1      | Reached XP level 2. HP: 20/22 MP: 2/2
   553 | D:1      | Reached XP level 3. HP: 23/27 MP: 3/3
   937 | D:2      | Reached skill level 1 in Armour
  1193 | D:2      | Reached XP level 4. HP: 27/34 MP: 4/4
  1203 | D:2      | Found an ancient bone altar of Kikubaaqudgha.
  1587 | D:2      | Gained mutation: You occasionally shout uncontrollably at your foes. [potion of mutation]
  1587 | D:2      | Gained mutation: You are covered in fur (AC +1). [potion of mutation]
  1587 | D:2      | Gained mutation: You are covered in thick fur (AC +2). [potion of mutation]
  1628 | D:3      | Slain by an orc

Vault maps used:
D:1:      dpeg_arrival_arbitrary_b, minmay_misc_feat_pillars, st_stairs_12,
          serial_bayou_pond_b, minivault_19
D:2:      old_standard_altar, minivault_4
D:3:      nicolae_gozag_seed_capital, first_bread, interstate_on_off,
          kennysheep_generic_room_5

Action                   |  1- 3 |  4- 6 || total
-------------------------+-------+-------++-------
Melee: War axe           |   108 |    21 ||   129
  Use: Potion            |     1 |     1 ||     2
       Scroll            |       |     5 ||     5
  Eat: Chunk             |     1 |     1 ||     2
